 Dungeon Crawl Stone Soup version 0.28-a0-850-g09de17f5b5 (webtiles) character file.

Game seed: 11584258775773912134

763 marklar909 the Cudgeller (level 7, 0/58 HPs)
             Began as a Palentonga Fighter on Nov 13, 2021.
             Slain by a kobold (4 damage)
             ... on level 4 of the Dungeon.
             The game lasted 00:05:43 (4600 turns).

marklar909 the Cudgeller (Palentonga Fighter)       Turns: 4600, Time: 00:05:43

Health: 0/58       AC: 18    Str: 21    XL:     7   Next: 51%
Magic:  16/16      EV:  6    Int: 14    God:
Gold:   197        SH:  5    Dex: 10    Spells: 6/6 levels left

rFire   . . .      SeeInvis +   a - +0 flail
rCold   + . .      Faith    .   c - +1 buckler
rNeg    . . .      Spirit   .   d - +2 chain mail {rC+}
rPois   .          Reflect  .   (no helmet)
rElec   .          Harm     .   (no cloak)
rCorr   .          Rampage  .   b - +0 pair of gloves
Will    .....                   (no barding)
Stlth   ..........              (no amulet)
HPRegen 0.19/turn               f - +6 ring of intelligence
MPRegen 0.15/turn               j - ring of magical power

@: curled up
A: large, rugged brown scales 3, see invisible, deformed body, roll 1, armoured
tail, reflexive curl
a: Rolling Charge


You were on level 4 of the Dungeon.
You visited 1 branch of the dungeon, and saw 4 of its levels.

You collected 197 gold pieces.

Inventory:

Hand Weapons
 a - a +0 flail (weapon)
Missiles
 k - a throwing net
Armour
 b - a +0 pair of gloves (worn)
 c - a +1 buckler (worn)
 d - a +2 chain mail of cold resistance (worn)
Jewellery
 f - a +6 ring of intelligence (left hand)
 j - a ring of magical power (right hand)
Wands
 i - a wand of iceblast (5)
Scrolls
 e - a scroll of enchant weapon {unknown}
Potions
 g - a potion of ambrosia
 h - a potion of haste {unknown}


   Skills:
 + Level 4.4 Fighting
 + Level 5.7 Maces & Flails
 + Level 4.1 Armour
 + Level 0.9 Dodging
 + Level 0.7 Stealth
 + Level 3.4 Shields
 + Level 0.1 Evocations


You had 6 spell levels left.
You didn't know any spells.
Your spell library contained the following spells:

 Spells                   Type           Power      Damage    Failure   Level
 Ensorcelled Hibernation  Hex/Ice        0%         N/A       98%         2
 Sublimation of Blood     Necr           0%         N/A       98%         2
 Wereblood                Tmut           0%         N/A       98%         2
 Ozocubu's Armour         Ice            0%         N/A       100%        3
 Tukima's Dance           Hex            0%         N/A       100%        3
 Ozocubu's Refrigeration  Ice            0%         4d5       100%        7
 Summon Hydra             Summ           0%         N/A       100%        7


Dungeon Overview and Level Annotations

Branches:
Dungeon (4/15)
 Temple: D:4-7

Altars:

Annotations:
D:4 2 transporters, croobank's ghost, amateur DsDe


Innate Abilities, Weirdness & Mutations

You are completely covered in rugged brown scales. (AC +3, +7% HP)
You have supernaturally acute eyesight. (SInv)
Armour fits poorly on your strangely shaped body.
You can roll at nearby foes to attack.
You have a long armoured tail.
You curl defensively after being hit. (AC +7*)


Message History

The adder barely misses you.
You miss the adder.
The adder is heavily wounded.
You block the adder's attack. The kobold barely misses you.
The adder bites you.
You are poisoned.
The adder poisons you!
You miss the adder.
The adder is heavily wounded.
You feel sick. The adder bites you.
The kobold hits you with a +0 whip of electrocution.
You barely miss the adder.
Your tail-slap misses the adder.
The adder is moderately wounded.
You feel sick. You block the adder's attack. The kobold barely misses you.
You block the adder's attack.
You hit the adder.
The adder is heavily wounded.
You feel sick. The adder barely misses you. The kobold barely misses you.
You miss the adder.
The adder is heavily wounded.
You feel sick. The adder bites you but does no damage.
The kobold hits you but does no damage. The adder barely misses you.
You miss the adder.
The adder is heavily wounded.
You feel sick.
You are no longer poisoned.
The kobold hits you with a +0 whip of electrocution.
You are electrocuted!!
The adder bites you but does no damage.
You are too injured to fight recklessly!
You are too injured to fight recklessly!
The adder barely misses you.
The kobold hits you with a +0 whip of electrocution.
You are electrocuted!
* * * LOW HITPOINT WARNING * * *
The adder bites you but does no damage.
Okay, then.
Okay, then.
Found a jewelled quarterstaff.
Found a stone staircase leading up.
The kobold hits you with a +0 whip of electrocution.
You die...

>............#
#....#.##.##.# .#
#....#....##.### .#
#....#......... )#
#.........##.# <#
.............# .#
#......##.##.# .#
.............####.#
.......##.##..SK@.#
#.....###.##.######
.............#####
....©............###
###########........##
. ......W #.........#
... .... #..######.#
#...##. #..# ... #.
#..#


You could see an adder and a kobold.

Vanquished Creatures
  A hornet (D:4)
  A phantom (D:4)
  2 scorpions
  A water moccasin zombie (D:3)
  A jelly (D:4)
  An iguana (D:4)
  Jessica (D:2)
  Terence (D:3)
  A howler monkey zombie (D:4)
  8 gnolls
  4 adders
  An ufetubus (D:4)
  6 dart slugs
  6 orcs
  7 bats
  7 endoplasms
  4 giant cockroaches
  8 hobgoblins
  5 quokkas
  8 ball pythons
  9 goblins
  5 kobolds
  A quokka skeleton (D:4)
  2 rats
91 creatures vanquished.

Notes
Turn   | Place    | Note
-------+----------+-------------------------------------------
     0 | D:1      | marklar909 the Palentonga Fighter began the quest for the
                  | Orb.
     0 | D:1      | Reached XP level 1. HP: 19/19 MP: 1/1
   140 | D:1      | Reached XP level 2. HP: 8/25 MP: 2/2
   682 | D:1      | Reached XP level 3. HP: 23/31 MP: 3/3
  1084 | D:1      | Found a faded altar of an unknown god.
  1711 | D:2      | Noticed Jessica
  1723 | D:2      | Noticed a scorpion
  1724 | D:2      | Reached XP level 4. HP: 16/37 MP: 4/4
  1738 | D:2      | Killed a scorpion
  1739 | D:2      | Reached skill level 3 in Maces & Flails
  1739 | D:2      | Reached XP level 5. HP: 13/43 MP: 5/5
  1743 | D:2      | Killed Jessica
  2662 | D:3      | Reached skill level 4 in Maces & Flails
  2743 | D:3      | Noticed Terence
  2770 | D:3      | Killed Terence
  2771 | D:3      | Reached XP level 6. HP: 15/51 MP: 6/6
  3826 | D:4      | Noticed a hornet
  3905 | D:4      | Killed a hornet
  3906 | D:4      | Reached skill level 5 in Maces & Flails
  3906 | D:4      | Gained mutation: You curl defensively after being hit. (AC
                  | +7*) [Palentonga growth]
  3906 | D:4      | Reached XP level 7. HP: 17/57 MP: 7/7
  4541 | D:4      | Found a transporter.
  4571 | D:4      | Found a transporter.
  4573 | D:4      | Noticed croobank's ghost (amateur DsDe)
  4590 | D:4      | HP: 2/58 [kobold (17)]
  4600 | D:4      | Slain by a kobold

Illustrated notes

Levels and vault maps discovered:
D:1:      psy_arrival_terrarium, layout_basic,
          hellmonk_ecumenical_altar_crossroads
D:2:      layout_basic, minmay_tromino_v2, uniq_jessica
D:3:      layout_basic, minmay_misc_feat_square, uniq_terence
D:4:      layout_basic, gammafunk_ghost_mausoleum, minmay_three_crescents

Skill      XL: |  1  2  3  4  5  6 |
---------------+-------------------+-----
Armour         | 3 4 |  4.1
Maces & Flails | 3 4 5 |  5.7
Shields        | 3 |  3.4
Fighting       | 4 |  4.4
Dodging        | |  0.9
Stealth        | |  0.7
Evocations     | |  0.1

Action                   |  1- 3 |  4- 6 |  7- 9 || total
-------------------------+-------+-------+-------++-------
Melee: Flail             |    99 |   165 |    60 ||   324
       Tailslap          |     9 |    24 |     7 ||    40
Evoke: Wand              |       |     3 |       ||     3
  Use: Potion            |     2 |     1 |       ||     3
       Scroll            |     1 |     6 |       ||     7
Armor: Scale mail        |    60 |    52 |       ||   112
       Chain mail        |       |    22 |    32 ||    54
Dodge: Dodged            |    45 |    58 |    24 ||   127
Block: Buckler           |    17 |    30 |    14 ||    61

Table legend: (Time is in decaauts)
 A = Elapsed time spent in this place.
 B = Non-inter-level travel time spent in this place.
 C = Inter-level travel time spent in this place.
 D = Time resting spent in this place.
 E = Time spent auto-exploring this place.
 F = Levels seen in this place.
 G = Mean time per level.
                   A        B        C        D        E       F      G
               +--------+--------+--------+--------+--------+-----+--------+
         Total |   4673 |   4487 |    186 |   1140 |   2599 |   4 | 1168.2 |
       Dungeon |   4673 |   4487 |    186 |   1140 |   2599 |   4 | 1168.2 |
               +--------+--------+--------+--------+--------+-----+--------+

Top non-repeatable levels by time:
     D:1: 1466 daAuts
     D:3: 1257 daAuts
     D:4: 1137 daAuts
     D:2: 811 daAuts
